 Dungeon Crawl Stone Soup version 0.31.0 (webtiles) character file.

Game seed: 2854445040412371040

135 Esekla the Digger (level 4, -2/32 HPs)
             Began as a Demonspawn Wanderer on Jan 20, 2024.
             Was an Elder of Ignis.
             Slain by Grinder (8 damage)
             ... on level 3 of the Dungeon.
             The game lasted 00:16:12 (2998 turns).

Esekla the Digger (Demonspawn Wanderer)             Turns: 2998, Time: 00:16:13

Health: -2/32      AC:  7    Str: 20    XL:     4   Next: 96%
Magic:  1/6        EV: 12    Int: 15    God:    Ignis [****..]
Gold:   115        SH:  0    Dex: 12    Spells: 1/6 levels left

rFire   + . .        a - +0 dagger
rCold   . . .        (no shield)
rNeg    . . .        c - +0 robe
rPois   .            (no helmet)
rElec   .            (no cloak)
rCorr   .            (no gloves)
SInv    .            (no boots)
Will    .....        (no amulet)
Stlth   +++          e - +6 ring of strength
HPRegen 0.25/turn    (no ring)
MPRegen 0.10/turn

%: no passive effects
@: ice-armoured, very slightly contaminated
A: thin skeletal structure 1, demonic guardian 1
a: Renounce Religion, Fiery Armour, Foxfire Swarm, Rising Flame


You were on level 3 of the Dungeon.
You worshipped Ignis.
Ignis was greatly pleased with you.
You visited 1 branch of the dungeon, and saw 3 of its levels.

You collected 115 gold pieces.

Inventory:

Hand Weapons
 a - a +0 dagger (weapon)
 r - a +0 trident
Missiles
 l - 5 boomerangs (quivered)
Armour
 c - a +0 robe (worn)
Jewellery
 e - a +6 ring of strength (left hand)
Wands
 b - a wand of flame (1)
Scrolls
 f - 2 scrolls of revelation
 h - a scroll of poison {unknown}
 i - a scroll of noise {unknown}
 j - 2 scrolls of identify {unknown}
 k - a scroll of enchant armour {unknown}
Potions
 g - a potion of degeneration {unknown}
 m - a potion of invisibility {unknown}
 n - a potion of curing {unknown}


   Skills:
 * Level 1.4 Fighting
 + Level 0.5 Short Blades
 + Level 2.3 Dodging
 + Level 1.3 Stealth
 * Level 1.6 Spellcasting
 * Level 1.8 Ice Magic
 * Level 0.6 Air Magic
 + Level 4.2 Earth Magic
 * Level 1.4 Alchemy


You had one spell level left.
You knew the following spells:

 Your Spells              Type           Power      Damage    Failure   Level
a - Ozocubu's Armour      Ice            6%         N/A       32%         3
v - Mercury Vapours       Alch/Air       8%         N/A       22%         2

Your spell library contained the following spells:

 Spells                   Type           Power      Damage    Failure   Level
 Sandblast                Erth           26%        2d8       4%          1
 Freeze                   Ice            24%        1d4       11%         1
 Sting                    Conj/Alch      12%        1d3       17%         1
 Passwall                 Erth           13%        N/A       12%         3
 Stone Arrow              Conj/Erth      14%        3d7       28%         3
 Lesser Beckoning         Tloc           2%         N/A       34%         2
 Gell's Gravitas          Tloc           1%         N/A       56%         3
 Teleport Other           Tloc           1%         N/A       56%         3
 Dispersal                Tloc           0%         N/A       100%        6
 Plasma Beam              Fire/Air       1%         2x1d11    100%        6
 Chain Lightning          Conj/Air       1%         3d1       100%        9


Dungeon Overview and Level Annotations

Branches:
Dungeon (3/15)

Altars:
Ru
Ignis

Annotations:
D:3 Grinder, Terence


Innate Abilities, Weirdness & Mutations

You have a somewhat thin skeletal structure. (Dex +2, Stealth+)
A weak demonic guardian rushes to your aid.


Message History

You hit the bat.
You kill the bat!
You see here a bat corpse.
There is an open door here.
Grinder comes into view.
The helpless Grinder fails to defend herself.
You hit Grinder.
Grinder is lightly wounded.
Grinder blinks!
Casting: Ozocubu's Armour (quite dangerous; 32% risk of failure)
Confirm with . or Enter, or press ? or * to list all spells.
Aiming: Mercury Vapours (safe; 22% risk of failure)
Press: ? - help, Dir - move target, f - Grinder
Aim: Grinder (lightly wounded, chance to weaken: 44%)
You miscast Mercury Vapours.
You are very lightly contaminated with residual magic.
Nothing appears to happen.
Casting: Mercury Vapours (safe; 22% risk of failure)
Confirm with . or Enter, or press ? or * to list all spells.
A film of ice covers your body! Grinder hits you.
You writhe in agony.
A demonic guardian appears!
You hit Grinder but do no damage.
Grinder is lightly wounded.
Grinder barely misses you.
You hit Grinder.
Grinder is lightly wounded.
Grinder hits you!
A demonic guardian appears!
You writhe in agony.
You completely miss Grinder.
Grinder is lightly wounded.
Grinder gestures at you. Pain shoots through your body!
* * * LOW HITPOINT WARNING * * *
Aiming: Throw Flame
Press: ? - help, Shift-Dir - straight line, f/p - Grinder
Aim: Grinder (lightly wounded, ally target, 64% to hit)
The puff of flame hits Grinder.
Grinder is moderately wounded.
Grinder hits you!
You die...
Grinder sighs, "Dead already?
I want a refund."

#.# #.... #.#
#.... #.#
#.... #.#
#.... #.#
#.... #.#
#.... #.#
###....
#######.#
*##...#..
#.55@5..#
#*.....#..
##.######
##.........
#.*
#..##.##...
#.*
#...#.#)...
#.*
##,#.....#..
#.*
#..##...##..
#.*
#....._.....
#.*
*#..##...##.#
*,*
*..,#.....#.#


You could see Grinder (ally target), a friendly shadow imp (summoned) and a
friendly ufetubus (summoned).

Vanquished Creatures
  A gnoll (D:1)
  3 adders
  A ribbon worm (D:3)
  4 dart slugs
  5 orcs (D:2)
  2 ball pythons
  6 endoplasms
  12 giant cockroaches (D:2)
  5 goblins
  7 hobgoblins
  A jackal (D:3)
  5 kobolds
  4 quokkas
  8 bats
  2 frilled lizards
  9 rats
75 creatures vanquished.

Notes
Turn   | Place    | Note
-------+----------+-------------------------------------------
     0 | D:1      | Esekla the Demonspawn Wanderer began the quest for the Orb.
     0 | D:1      | Esekla set off with the following items: a +0 club, a
                  | scroll of vulnerability, a +0 robe, a scroll of
                  | teleportation; and the following spells available to
                  | memorise: Sandblast, Freeze, Passwall, Stone Arrow,
                  | Ozocubu's Armour.
     0 | D:1      | Reached XP level 1. HP: 15/15 MP: 2/2
   266 | D:1      | Gained mutation: You have a somewhat thin skeletal
                  | structure. (Dex +2, Stealth+) [demonic ancestry]
   266 | D:1      | Reached XP level 2. HP: 16/21 MP: 3/3
   360 | D:1      | Reached skill level 4 in Earth Magic
   589 | D:1      | Found a faded altar of an unknown god.
   610 | D:1      | Prayed at the altar of an unknown god.
   610 | D:1      | Became a worshipper of Ignis, the Dying Flame
   735 | D:1      | Reached XP level 3. HP: 9/26 MP: 4/4
   808 | D:1      | Got the Precepts of the Watchman
   812 | D:1      | Learned a level 2 spell: Mercury Vapours
  1517 | D:1      | Gained mutation: A weak demonic guardian rushes to your
                  | aid. [demonic ancestry]
  1517 | D:1      | Reached XP level 4. HP: 2/32 MP: 2/6
  1773 | D:2      | Learned a level 3 spell: Ozocubu's Armour
  2746 | D:3      | Noticed Terence
  2760 | D:3      | Found a sacrificial altar of Ru.
  2769 | D:3      | Reached skill level 1 in Alchemy
  2986 | D:3      | Noticed Grinder
  2998 | D:3      | Slain by Grinder

Illustrated notes

Levels and vault maps discovered:
D:1:      kennysheep_arrival_seaside, layout_rooms,
          ebering_ecumenical_altar_abandoned
D:2:      minmay_roachtagon, layout_loops_ring, nicolae_hexahallways,
          hangedman_decor_points, nicolae_figureground_sparkle
D:3:      lemuel_castle_with_subvaults [lemuel_castle_interior_carwin_1],
          layout_basic, mainiacjoe_overflow_small_starburst, uniq_terence,
          uniq_grinder, uniq_natasha

Skill      XL: |  1  2  3  4 |
---------------+-------------+-----
Dodging        | 2 |  2.3
Earth Magic    | 4 |  4.2
Alchemy        | 1 |  1.4
Fighting       | |  1.4
Short Blades   | |  0.5
Stealth        | |  1.3
Spellcasting   | |  1.6
Ice Magic      | |  1.8
Air Magic      | |  0.6

Action                     |  1- 3 |  4- 6 || total
---------------------------+-------+-------++-------
  Melee: Club              |    47 |       ||    47
         Dagger            |   122 |   136 ||   258
         Short sword       |    12 |       ||    12
         Punch             |     1 |     2 ||     3
  Throw: Boomerang         |       |     4 ||     4
   Cast: Mercury Vapours   |     2 |     6 ||     8
         Ozocubu's Armour  |       |     5 ||     5
 Invoke: Fiery Armour      |     3 |     1 ||     4
  Evoke: Wand              |       |     1 ||     1
    Use: Scroll            |       |     3 ||     3
   Stab: Sleeping          |     2 |    11 ||    13
 Armour: Robe              |   111 |    74 ||   185
  Dodge: Dodged            |   116 |    76 ||   192
